 Dungeon Crawl Stone Soup version 0.28-a0-1182-g381e24db82 (webtiles) character file.

Game seed: 15443362590512591633

42 spaghetti the Twirler (level 3, -4/26 HPs)
             Began as a Demigod Wanderer on Dec 16, 2021.
             Slain by a gnoll (7 damage)
             ... on level 3 of the Dungeon.
             The game lasted 00:02:40 (1336 turns).

spaghetti the Twirler (Demigod Wanderer)            Turns: 1336, Time: 00:02:41

Health: -4/26      AC:  6    Str: 18    XL:     3   Next: 19%
Magic:  5/5        EV: 10    Int: 13    God:
Gold:   65         SH:  0    Dex: 13    Spells: 2/2 levels left

rFire   . . .      SeeInvis .   a - +0 quarterstaff {staff}
rCold   . . .      Faith    .   (shield currently unavailable)
rNeg    . . .      Spirit   .   d - +0 ring mail
rPois   +          Reflect  .   (no helmet)
rElec   .          Harm     .   (no cloak)
rCorr   .          Rampage  .   n - +0 pair of gloves
Will    .....                   (no boots)
Stlth   +.........              (no amulet)
HPRegen 0.08/turn               i - ring of poison resistance
MPRegen 0.09/turn               (no ring)

@: on berserk cooldown, slowed, invisible, very slow
A: high mp 1, forlorn, divine attributes
a: no special abilities


You were on level 3 of the Dungeon.
You visited 1 branch of the dungeon, and saw 3 of its levels.

You collected 65 gold pieces.


Innate Abilities, Weirdness & Mutations

You have an increased reservoir of magic. (+10% MP)
You shall have no god before yourself.
Your divine heritage dramatically boosts your attributes as you level up.


   Skills:
 + Level 4.7 Staves
 - Level 2.6 Armour
 - Level 1.0 Stealth
 - Level 1.7 Unarmed Combat


You had 2 spell levels left.
You didn't know any spells.
Your spell library contained the following spells:

 Spells                   Type           Power      Damage    Failure   Level
 Fulminant Prism          Conj/Hex       0%         3d6       99%         4
 Iskenderun's Mystic Bla  Conj/Tloc      0%         2d3       99%         4
 Lee's Rapid Deconstruct  Erth           0%         3d5*      100%        5

Inventory:

Hand Weapons
 a - a +0 quarterstaff (weapon) {staff}
 f - a +1 dagger of speed {short}
   (You found it on level 1 of the Dungeon)
Missiles
 e - 10 sling bullets
 g - 18 bolts
Armour
 d - a +0 ring mail (worn)
 n - a +0 pair of gloves (worn)
   (You found it on level 2 of the Dungeon)
Jewellery
 i - a ring of poison resistance (left hand)
   (You found it on level 1 of the Dungeon)
 m - a ring of ice
   (You found it on level 2 of the Dungeon)
Potions
 c - 2 potions of berserk rage {!q}
 j - a potion of attraction {!q}
 l - a potion of brilliance

Dungeon Overview and Level Annotations

Branches:
Dungeon (3/15)

Annotations:
D:2 Terence

#.########
#...g@<..#
#....g)..#
#........#
...........#
...........#
#..........#
...........#
....########


You could see 2 gnolls.


Message History

The goblin closely misses you. The hobgoblin barely misses you.
The gnoll closely misses you.
The gnoll throws a throwing net.
The throwing net hits you.
You become entangled in the net!
You stop ascending the stairs.
Unknown command.
Unknown command.
Unknown command.
You struggle against the net.
The goblin hits you but does no damage.
The gnoll hits you from afar with a +0 spear.
The hobgoblin hits you. 😮 HP[-4]
You take 4 damage, and now have 15/20 hp.
You struggle against the net.
The goblin barely misses you. The hobgoblin hits you.
The gnoll hits you but does no damage. 😮 HP[-2]
You take 2 damage, and now have 13/20 hp.
Unknown command.
You struggle against the net.
The gnoll hits you with a +0 flail!
* * * LOW HITPOINT WARNING * * *
The goblin barely misses you.
The hobgoblin hits you but does no damage.
The gnoll hits you but does no damage. 😨 HP[-7]
You take 7 damage, and now have 6/20 hp.
MASSIVE DAMAGE!! (PAUSE) Unknown command.
Okay, then.
You fade into invisibility!
The goblin hits you but does no damage.
The hobgoblin hits you but does no damage.
The gnoll hits you from afar with a +0 spear.
* * * LOW HITPOINT WARNING * * *
😱 HP[-1]
You take 1 damage, and now have 5/20 hp.
Unknown command.
Okay, then.
Okay, then.
Really quaff
c - 3 potions of berserk rage {!q}?
A red film seems to cover your vision as you go berserk!
You feel yourself moving faster!
You feel mighty! The gnoll hits you with a +0 flail.
* * * LOW HITPOINT WARNING * * *
The gnoll hits you with a +0 flail.
* * * LOW HITPOINT WARNING * * *
The goblin hits you but does no damage.
The hobgoblin hits you but does no damage.
The gnoll barely misses you. 😱 HP[-3]
You now have 30 max hp (+10).
Unknown command.
You shred the net and break free!
You feel a strong urge to attack something.
The gnoll barely misses you. x2; The goblin misses you.
The gnoll hits you but does no damage. The hobgoblin closely misses you.
The gnoll closely misses you.
You feel your anger nearly subside.
You are no longer berserk.
You are exhausted.
You feel yourself slow down. 😱 HP[-1]
You now have 20 max hp (-10).
Unknown command.
You aren't carrying any items that you can evoke.
Unknown command.
Okay, then.
Okay, then.
As you read the scroll of teleportation {@r4}, it crumbles to dust.
You feel strangely unstable. The gnoll closely misses you. 😱 HP[+1]
The gnoll barely misses you.
Your surroundings suddenly seem different.
A goblin comes into view. It is wielding a +0 club.
The goblin shouts!
There is a stone staircase leading down here.
You climb downwards.
There is a stone staircase leading up here.
Unknown command.
Unknown command.
Unknown command.
Press: ? - help, v - describe, . - travel A stone staircase leading up.
The helpless gnoll fails to defend itself.
You sock the gnoll!
You kill the gnoll!
You have reached level 3!
Your experience leads to a dramatic increase in your attributes!
Increase (S)trength, (I)ntelligence, or (D)exterity?
You feel stronger. x4 😱 HP[+1] MP[+1]
You now have 26 max hp (+6).
Your mp is fully restored (5).
Unknown command.
Press: ? - help, v - describe, . - travel, g - get item Item here: a +0 club.
The floor, spattered with blood.
The helpless gnoll fails to defend itself.
You sock the gnoll! The gnoll barely misses you.
The gnoll hits you with a +0 flail!
You die...

Skill      XL: |  1 |
---------------+----+-----
Staves         | 4 |  4.7
Armour         | |  2.6
Stealth        | |  1.0
Unarmed Combat | |  1.7

Action                   || total
-------------------------++-------
Melee: Quarterstaff      ||    63
  Use: Scroll            ||     7
       Potion            ||     3
 Stab: Sleeping          ||     2
Armor: Ring mail         ||    36
Dodge: Dodged            ||    51

Levels and vault maps discovered:
D:1:      dpeg_arrival_rooms_with_view, layout_basic,
          chequers_ecumenical_altar_island, minmay_three_crescents
D:2:      layout_rooms, amcnicky_mini_rare_corridor_liquid, uniq_terence
D:3:      layout_loops_cross, uniq_grinder

Notes
Turn   | Place    | Note
-------+----------+-------------------------------------------
     0 | D:1      | spaghetti the Demigod Wanderer began the quest for the Orb.
     0 | D:1      | spaghetti set off with the following items: a +0
                  | quarterstaff {staff}, a potion of invisibility, a potion of
                  | berserk rage {!q}, a +0 ring mail
     0 | D:1      | Reached XP level 1. HP: 14/14 MP: 3/3
     0 | D:1      | magus.rc [v1.9.6]
   184 | D:1      | Reached skill level 4 in Staves
   192 | D:1      | Reached XP level 2. HP: 9/20 MP: 4/4
   762 | D:1      | You pick up a book of Blasting and begin reading...
   762 | D:1      | You add the spells Fulminant Prism, Iskenderun's Mystic
                  | Blast and Lee's Rapid Deconstruction to your library.
  1198 | D:2      | Noticed Terence
  1319 | D:2      | HP: 5/20 [gnoll (1)]
  1320 | D:2      | HP: 2/30 [gnoll (5)]
  1335 | D:3      | Reached XP level 3. HP: 3/26 MP: 5/5
  1336 | D:3      | Slain by a gnoll

Vanquished Creatures
  An adder (D:2)
  A gnoll (D:3)
  A bat (D:1)
  2 endoplasms (D:1)
  3 giant cockroaches
  A goblin (D:1)
  3 hobgoblins (D:1)
  A quokka (D:2)
  2 ball pythons
  A frilled lizard (D:2)
  A kobold (D:1)
  7 rats
24 creatures vanquished.

Table legend:
 A = Non-vault XP
 B = Vault XP
 C = Vault XP percentage of total XP
 D = Non-vault monster count
 E = Vault monster count
 F = Vault count percentage of total count
                 A         B        C        D         E       F
            +---------+---------+-------+---------+---------+-------
      Total |      49 |      12 |  19.7 |      16 |       8 |  33.3
            +---------+---------+-------+---------+---------+-------
        D:1 |      14 |      12 |  46.2 |       9 |       8 |  47.1
        D:2 |      21 |       0 |   0.0 |       6 |       0 |   0.0
        D:3 |      14 |       0 |   0.0 |       1 |       0 |   0.0
            +---------+---------+-------+---------+---------+-------

Illustrated notes

Table legend:
 A = Kills in this place as a percentage of kills in entire the game.
 B = Kills by you in this place as a percentage of kills by you in the entire game.
 C = Kills by friends in this place as a percentage of kills by friends in the entire game.
 D = Other kills in this place as a percentage of other kills in the entire game.
 E = Experience gained in this place as a percentage of experience gained in the entire game.
 F = Experience gained in this place divided by the number of levels of this place that you have seen.
                   A       B       C       D       E      F
               +-------+-------+-------+-------+-------+----------------------
         Total | 100.0 | 100.0 |   N/A |   N/A | 100.0 |  20.3
       Dungeon | 100.0 | 100.0 |   N/A |   N/A | 100.0 |  20.3
               +-------+-------+-------+-------+-------+----------------------

Table legend: (Time is in decaauts)
 A = Elapsed time spent in this place.
 B = Non-inter-level travel time spent in this place.
 C = Inter-level travel time spent in this place.
 D = Time resting spent in this place.
 E = Time spent auto-exploring this place.
 F = Levels seen in this place.
 G = Mean time per level.
                   A        B        C        D        E       F      G
               +--------+--------+--------+--------+--------+-----+--------+
         Total |   1329 |   1286 |     43 |    374 |    708 |   3 |  443.0 |
       Dungeon |   1329 |   1286 |     43 |    374 |    708 |   3 |  443.0 |
               +--------+--------+--------+--------+--------+-----+--------+

Top non-repeatable levels by time:
     D:1: 1187 daAuts
     D:2: 137 daAuts
     D:3: 4 daAuts
